 Dungeon Crawl Stone Soup version 0.24.0-123-gd5b16e6ec5 (webtiles) character file.

Game seed: 11394884724677465688, levelgen mode: deterministic

464460 IrvingSpaghetti the Ruinous (level 25, -12/173 HPs)
             Began as a Human Conjurer on Dec 23, 2019.
             Was an Initiate of Gozag.
             Mangled by a tentacled monstrosity (13 damage)
             ... on level 3 of the Vaults on Dec 24, 2019.
             The game lasted 11:58:13 (86378 turns).

IrvingSpaghetti the Ruinous (Human Conjurer)       Turns: 86378, Time: 11:58:32

Health: -12/173    AC: 15    Str:  9      XL:     25   Next: 77%
Magic:  1/42       EV: 17    Int: 44 (46) God:    Gozag
Gold:   5030       SH: 16    Dex: 12      Spells: 0/64 levels left

rFire    + . .     SeeInvis +   a - +7 trident of Wrath {pierce, rElec rPois Int+9 Dex-5}
rCold    . . .     Gourm    .   v - +5 shield {rPois}
rNeg     + + +     Faith    .   G - +2 robe {Archmagi}
rPois    +         Spirit   .   Y - +2 hat
rElec    +         Reflect  .   x - +2 cloak of the Thief {+Fog Slay-2 SInv Stlth+}
rCorr    .         Harm     .   Z - +2 pair of gloves {Dex+3}
MR       +++++     Clarity  +   D - +2 pair of boots {run}
Stlth    +++.......             Q - amulet of the Four Winds {rN+ MR+++ Clar}
HPRegen  0.38/turn              X - ring of Taviul {rF+ Int+6}
MPRegen  0.28/turn              n - ring "Jyosuw" {rN++ MR+ Int+6 Dex-2}

@: swift, contaminated, glowing, invisible (but backlit and visible), deflect
missiles, very quick
A: talons 1, thin skeletal structure 1, low mp 1, weak 1
}: 2/15 runes: decaying, serpentine
a: Potion Petition, Call Merchant, Bribe Branch, Renounce Religion, Evoke Fog


You were on level 3 of the Vaults.
You worshipped Gozag.
Gozag was greatly pleased with you.
You were not hungry.

You visited 11 branches of the dungeon, and saw 46 of its levels.
You also visited: Trove and Ice Cave.

You collected 26236 gold pieces.
You spent 8543 gold pieces at shops.
You paid 12663 gold pieces to Gozag.

Inventory:

Hand Weapons
 a - the +7 trident of Wrath (weapon) {pierce, rElec rPois Int+9 Dex-5}
   (You found it on level 10 of the Dungeon)

   It inflicts extra damage upon your enemies.
   It affects your intelligence (+9).
   It affects your dexterity (-5).
   It insulates you from electricity.
   It protects you from poison.
 d - the +8 dagger "Lorem Ipsum" {elec, *Corrode rPois rC+ Str+7}
   (You bought it in a shop on level 4 of the Lair of Beasts)

   Occasionally, upon striking a foe, it will discharge some electrical energy
   and cause terrible harm.
   It affects your strength (+7).
   It protects you from cold.
   It protects you from poison.
   It may corrode you when you take damage.
Armour
 v - a +5 shield of poison resistance (worn)
 x - the +2 cloak of the Thief (worn) {+Fog Slay-2 SInv Stlth+}
   (You found it on level 3 of the Elven Halls)

   It affects your accuracy and damage with ranged weapons and melee attacks
   (-2).
   It lets you see invisible.
   It makes you more stealthy.
 A - the +1 cloak "Atod" {*Slow rF+++ Str+4 Int+2}
   (You bought it in a shop on level 2 of the Vaults)

   It affects your strength (+4).
   It affects your intelligence (+2).
   It renders you almost immune to fire.
   It may slow you when you take damage.
 D - a +2 pair of boots of running (worn)
 G - a +2 robe of the Archmagi (worn)
 Y - a +2 hat (worn)
 Z - a +2 pair of gloves of dexterity (worn)
Magical Staves
 w - an uncursed staff of power
 C - an uncursed staff of conjuration
Jewellery
 n - the ring "Jyosuw" (right hand) {rN++ MR+ Int+6 Dex-2}
   (You found it on level 2 of the Lair of Beasts)

   [ring of protection from magic]

   It affects your intelligence (+6).
   It affects your dexterity (-2).
   It greatly protects you from negative energy.
   It affects your resistance to hostile enchantments.
 p - an uncursed ring of protection from fire
 t - the ring "Iheigroa" {rElec rPois rC+++ Dex-3 Slay+3}
   (You bought it in a shop on level 3 of the Depths)

   [ring of slaying]

   It affects your dexterity (-3).
   It affects your accuracy and damage with ranged weapons and melee attacks
   (+3).
   It renders you almost immune to cold.
   It insulates you from electricity.
   It protects you from poison.
 Q - the amulet of the Four Winds (around neck) {rN+ MR+++ Clar}
   (You took it off a deep elf death mage on level 3 of the Elven Halls)

   [amulet of nothing]

   It protects you from negative energy.
   It affects your resistance to hostile enchantments.
   It protects you against confusion.
 X - the ring of Taviul (left hand) {rF+ Int+6}
   (You took it off a deep elf death mage on level 3 of the Elven Halls)

   [ring of protection from fire]

   It affects your intelligence (+6).
   It protects you from fire.
Wands
 e - a wand of digging (20)
 h - a wand of scattershot (3)
 H - a wand of iceblast (53)
 J - a wand of clouds (13)
 L - a wand of acid (25)
 N - a wand of disintegration (18)
 P - a wand of paralysis (45)
 U - a wand of enslavement (17)
Scrolls
 f - 26 scrolls of teleportation
 j - 8 scrolls of amnesia
 k - 2 scrolls of summoning
 m - 21 scrolls of identify
 s - 3 scrolls of vulnerability
 y - 2 scrolls of blinking
 z - 5 scrolls of immolation
 B - 6 scrolls of fear
 E - a scroll of torment
 I - 5 scrolls of noise
 K - 10 scrolls of silence
 O - 5 scrolls of fog
 S - 5 scrolls of magic mapping
 V - 4 scrolls of holy word
Potions
 g - 7 potions of brilliance
 i - 8 potions of agility
 l - 25 potions of curing
 o - 2 potions of resistance
 q - 7 potions of haste
 r - 5 potions of might
 u - 5 potions of cancellation
 F - 3 potions of ambrosia
 M - 3 potions of invisibility
 R - 2 potions of berserk rage
 T - 2 potions of magic
Miscellaneous
 W - 4 phantom mirrors
Comestibles
 c - 24 rations


   Skills:
 + Level 8.5 Fighting
 + Level 10.7 Dodging
 - Level 12.0 Stealth
 + Level 12.4 Shields
 + Level 20.1 Spellcasting
 + Level 21.4 Conjurations
 * Level 13.8 Hexes
 + Level 0.2 Charms
 - Level 1.0 Translocations
 - Level 8.0 Transmutations
 - Level 14.0 Air Magic


You couldn't memorise any spells.
You knew the following spells:

 Your Spells              Type           Power        Failure   Level  Hunger
a - Deflect Missiles      Chrm/Air       ########..   5%          6    None
b - Invisibility          Hex            ########     1%          6    None
c - Dazzling Spray        Conj/Hex       ######       0%          3    None
d - Iskenderun's Mystic   Conj           ########     0%          4    None
e - Force Lance           Conj/Tloc      ########     1%          4    None
f - Fulminant Prism       Conj/Hex       ########..   0%          4    None
g - Passwall              Tmut/Erth      #######.     1%          2    None
h - Ensorcelled Hibernat  Hex/Ice        ######       1%          2    None
i - Confuse               Hex            ########     0%          3    None
j - Tukima's Dance        Hex            ########     0%          3    None
l - Irradiate             Conj/Tmut      ########..   1%          5    None
n - Chain Lightning       Conj/Air       ########..   3%          8    None
o - Swiftness             Chrm/Air       ########     1%          2    None
p - Summon Lightning Spi  Summ/Air       ########     1%          4    None
q - Discord               Hex            ########..   14%         8    None

Your spell library contained the following spells:

 Spells                   Type           Power        Failure   Level  Hunger
 Confusing Touch          Hex            ######       0%          1    None
 Corona                   Hex            #######      0%          1    None
 Flame Tongue             Conj/Fire      #####        0%          1    None
 Magic Dart               Conj           ####         0%          1    None
 Sting                    Conj/Pois      ####         0%          1    None
 Searing Ray              Conj           ######       0%          2    None
 Slow                     Hex            ########     0%          2    None
 Throw Flame              Conj/Fire      ######       0%          2    None
 Throw Frost              Conj/Ice       ######       0%          2    None
 Mephitic Cloud           Conj/Pois/Air  ########     0%          3    None
 Static Discharge         Conj/Air       ########     0%          3    None
 Lightning Bolt           Conj/Air       ########..   0%          5    None
 Animate Skeleton         Necr           N/A          1%          1    None
 Apportation              Tloc           ######       1%          1    None
 Beastly Appendage        Tmut           ######       1%          1    None
 Freeze                   Ice            ####         1%          1    None
 Infusion                 Chrm           ####         1%          1    None
 Pain                     Necr           ####         1%          1    None
 Summon Small Mammal      Summ           ####         1%          1    None
 Blink                    Tloc           N/A          1%          2    None
 Shroud of Golubria       Chrm/Tloc      ######       1%          2    None
 Song of Slaying          Chrm           ######..     1%          2    None
 Sticks to Snakes         Tmut           ########     1%          2    None
 Gell's Gravitas          Tloc           ######....   1%          3    None
 Ignite Poison            Fire/Tmut/Pois #######.     1%          3    None
 Inner Flame              Hex/Fire       ########     1%          3    None
 Ozocubu's Armour         Chrm/Ice       ######..     1%          3    None
 Portal Projectile        Hex/Tloc       ######       1%          3    None
 Recall                   Summ/Tloc      N/A          1%          3    None
 Regeneration             Chrm/Necr      ######....   1%          3    None
 Spectral Weapon          Hex/Chrm       ########     1%          3    None
 Spider Form              Tmut/Pois      #######...   1%          3    None
 Stone Arrow              Conj/Erth      ######       1%          3    None
 Teleport Other           Tloc           ######..     1%          3    None
 Vampiric Draining        Necr           ######....   1%          3    None
 Cause Fear               Hex            ########..   1%          4    None
 Ice Form                 Ice/Tmut       #######.     1%          4    None
 Leda's Liquefaction      Hex/Erth       ########..   1%          4    None
 Petrify                  Tmut/Erth      #######.     1%          4    None
 Throw Icicle             Conj/Ice       ########     1%          4    None
 Blade Hands              Tmut           ########..   1%          5    None
 Bolt of Draining         Conj/Necr      ########..   1%          5    None
 Bolt of Magma            Conj/Fire/Erth ########..   1%          5    None
 Metabolic Englaciation   Hex/Ice        ########..   1%          5    None
 Silence                  Hex/Air        ########..   1%          5    None
 Venom Bolt               Conj/Pois      ########..   1%          5    None
 Yara's Violent Unravell  Hex/Tmut       ########..   1%          5    None
 Bolt of Fire             Conj/Fire      ########..   1%          6    None
 Conjure Ball Lightning   Conj/Air       ########..   1%          6    None
 Darkness                 Hex            ########..   1%          6    None
 Iron Shot                Conj/Erth      ########..   1%          6    None
 Poison Arrow             Conj/Pois      ########..   1%          6    None
 Alistair's Intoxication  Tmut/Pois      #######.     3%          5    None
 Hydra Form               Tmut           ########..   3%          6    None
 Passage of Golubria      Tloc           N/A          4%          4    None
 Animate Dead             Necr           N/A          6%          4    None
 Olgreb's Toxic Radiance  Pois           ######..     6%          4    None
 Summon Ice Beast         Ice/Summ       ######..     6%          4    None
 Lee's Rapid Deconstruct  Erth           ######....   19%         5    None
 Statue Form              Tmut/Erth      #######..    19%         6    None
 Dragon Form              Tmut           ########..   21%         7    None
 Lehudib's Crystal Spear  Conj/Erth      ########..   45%         8    None
 Dispersal                Tloc           ######....   54%         6    None
 Tornado                  Air            ########..   91%         9    ###....
 Ignition                 Fire           ######....   100%        8    None
 Dragon's Call            Summ           ######....   100%        9    ###....
 Fire Storm               Conj/Fire      ########..   100%        9    ###....
 Glaciate                 Conj/Ice       ########..   100%        9    ###....
 Shatter                  Erth           ######....   100%        9    ###....


Dungeon Overview and Level Annotations

Branches:
Dungeon (15/15)            Temple (1/1) D:4            Lair (6/6) D:11
  Swamp (4/4) Lair:3        Snake (4/4) Lair:4        Slime (0/5) Lair:5
    Orc (2/2) D:10            Elf (3/3) Orc:2        Vaults (4/5) D:14
  Crypt (1/3) Vaults:3     Depths (5/5) D:15           Hell (visited)
    Zot (0/5) Depths:5      IceCv (visited)
    Dis: Hell:1         Geh: Hell:1         Coc: Hell:1         Tar: Hell:1

Altars:
Ashenzari
Cheibriados
Dithmenos
Elyvilon
Fedhas
Gozag
Hepliaklqana
Kikubaaqudgha
Makhleb
Nemelex Xobeh
Okawaru
Qazlal
Ru
Sif Muna
Trog
Uskayaw
Vehumet
Wu Jian
Xom
Yredelemnul
Zin
The Shining One
Beogh

Shops:
D:5 [   D:14 :   Orc:2 *(?(*   Elf:1 !   Lair:4 *   Snake:3 =   Snake:4 }=}
Vaults:2 [   Depths:2 =   Depths:3 ([==   Depths:5 [=*[(

Portals:
Hell: Depths:1 Depths:2 Depths:3 Depths:4 Depths:5
Abyss: Depths:1 Depths:3 Depths:4
Pandemonium: Depths:1 Depths:3
Ziggurat: Depths:4

Annotations:
Depths:2 1 runed translucent door
Depths:5 3 runed translucent doors, Zores's ghost, veteran DEFE


Innate Abilities, Weirdness & Mutations

You have sharp toenails.
You have a somewhat thin skeletal structure. (Dex +2, Stealth)
Your magical capacity is low. (-10% MP)
You are weak. (Str -2)


Message History

The stone giant throws a large rock.
The large rock closely misses you.
You see here a large rock.
You feel much better.
The stone giant throws a large rock.
You deflect the large rock!
Casting: Invisibility (safe; 1% risk of failure)
Confirm with . or Enter, or press ? or * to list all spells.
Okay, then.
Casting: Invisibility (safe; 1% risk of failure)
Confirm with . or Enter, or press ? or * to list all spells.
You feel a surge of power!
You feel quick.
The yaktaur captain shoots a bolt.
You block the bolt.
The frost giant hits you with a +1 battleaxe of freezing!!
* * * LOW HITPOINT WARNING * * *
The frost giant freezes you.
* * * LOW HITPOINT WARNING * * *
The tentacled monstrosity tentacle-slaps you!
* * * LOW HITPOINT WARNING * * *
The tentacled monstrosity tentacle-slaps you!
You die...
Your body crumbles into a pile of gold.

###########.O##########
################'################
$.$.....(.......O................
$$$(.....$.......................
...p(.(...pc....C................
.))(.............................
.)......(........................
..).............C................
........(..(D((X@................
################################'
##.. ##... ##..## ##..##. #..##..
#..#... #..##..


You could see a shadow dragon, a tentacled monstrosity, a frost giant, a stone
giant, a yaktaur captain, a vault sentinel and an ogre.

Vanquished Creatures
  Mara (Depths:4)
  2 juggernauts
  the Lernaean hydra (Swamp:4)
  Margery (Depths:5)
  4 golden dragons
  A caustic shrike (Depths:1)
  Nikola (Elf:1)
  Rupert (D:13)
  3 tentacled monstrosities
  Asterion (Vaults:1)
  A quicksilver dragon (Depths:4)
  2 deep elf master archers (Elf:3)
  2 deep elf blademasters (Elf:3)
  A lich (Depths:4)
  Gastronok (D:9)
  3 sphinxes (Depths:4)
  A shadow dragon (Vaults:3)
  4 thorn hunters
  Kirke (Lair:6)
  3 tengu reavers
  Roxanne (Swamp:4)
  3 draconian monks (Depths:5)
  Donald (Swamp:4)
  10 nagarajas
  3 fire giants
  A juggernaut zombie (Depths:2)
  3 deep elf sorcerers
  10 frost giants
  8 vault wardens
  4 deep elf elementalists
  5 ironheart preservers
  A draconian annihilator (Depths:5)
  2 reapers (Depths:1)
  6 very ugly things
  3 spriggan defenders (Depths:4)
  8 stone giants
  4 green draconians (Depths:5)
  Nessos (D:14)
  2 vampire knights
  7 deep elf demonologists
  3 black draconians (Depths:5)
  A white draconian (Depths:5)
  3 spark wasps (Depths:3)
  4 purple draconians (Depths:5)
  2 merfolk javelineers
  5 deep elf annihilators
  3 fire dragons
  5 ettins
  6 deep elf death magi
  The ghost of FishyPogo the Fighter, a journeyman DrBe of Trog (Lair:1)
  2 deep elf high priests (Elf:3)
  Josephine (D:10)
  8 yaktaur captains
  3 great orbs of eyes
  3 rakshasas
  9 vault guards
  Harold (D:7)
  10 naga warriors
  A death knight (D:15)
  23 hydras
  9 ice dragons
  2 spriggan air magi
  3 shambling mangroves
  3 ghost crabs
  16 anacondas
  10 centaur warriors
  19 two-headed ogres
  3 tengu warriors
  12 death yaks
  7 deep troll shamans
  7 ogre magi
  8 alligators
  20 dancing weapons
  7 deep troll earth magi
  2 vampire magi
  A titan zombie (Depths:2)
  A shock serpent (shapeshifter) (Depths:1)
  3 spriggan berserkers
  6 naga sharpshooters
  7 shock serpents
  2 sun demons (Depths:1)
  Sonja (Lair:1)
  A soul eater (Depths:1)
  10 spriggans
  12 deep elf knights
  A fire crab (Lair:4)
  A salamander mystic (Snake:1)
  8 skeletal warriors
  A sixfirhy (Depths:1)
  4 hell knights
  A shadow wraith (Vaults:2)
  A storm dragon skeleton (Depths:4)
  2 death drakes (Depths:5)
  10 swamp dragons
  A golden dragon skeleton (Depths:4)
  6 unseen horrors
  6 glowing orange brains
  28 deep trolls
  3 spriggan druids
  A shadow dragon zombie (Depths:2)
  A glowing orange brain (shapeshifter) (Elf:3)
  4 naga ritualists
  6 ironbrand convokers
  13 deep elf archers
  4 flayed ghosts
  2 phantasmal warriors
  6 wizards
  4 lindwurms
  3 necromancers
  4 orc knights
  36 ugly things
  8 mana vipers
  2 oklob plants (D:11)
  A shining eye (shapeshifter) (Elf:1)
  3 manticores
  The ghost of lis82 the Magician, a novice DgFE (D:6)
  4 cyclopes
  18 slime creatures
  30 deep elf magi
  2 wolf spiders
  5 orc sorcerers
  14 salamanders
  A stone giant zombie (Depths:3)
  A manticore (shapeshifter) (Depths:2)
  Maurice (D:11)
  33 black mambas
  A rust devil (Depths:1)
  7 elephants (Lair:6)
  13 guardian serpents
  A torpor snail (Lair:4)
  19 naga magi
  2 ice statues (IceCv)
  11 vault sentinels
  Psyche (D:8)
  3 eyes of devastation (Depths:3)
  24 spiny frogs
  A spriggan zombie (Depths:2)
  39 yaktaurs
  A komodo dragon (shapeshifter) (Vaults:1)
  A kobold demonologist (D:10)
  12 rime drakes
  An efreet (D:14)
  8 komodo dragons
  2 freezing wraiths
  A merfolk (shapeshifter) (D:15)
  9 trolls
  11 polar bears
  3 meliai (D:14)
  7 tyrant leeches
  2 tengu conjurers (Depths:5)
  18 hornets
  A hornet (shapeshifter) (Elf:3)
  Prince Ribbit (D:6)
  2 wind drakes (Depths:5)
  A blink frog (shapeshifter) (Vaults:1)
  13 bog bodies
  3 raiju (Lair:6)
  6 hippogriffs
  27 blink frogs
  An iron dragon simulacrum (Depths:4)
  A dream sheep (shapeshifter) (D:13)
  A dream sheep (Lair:6)
  A stone giant simulacrum (Vaults:2)
  An air elemental (Elf:2)
  3 shadows
  A spriggan skeleton (Depths:2)
  A centaur simulacrum (D:14)
  7 wraiths
  An ettin skeleton (Depths:2)
  2 vampires
  15 water elementals
  4 redbacks (Lair:6)
  4 fire bats (Depths:3)
  5 hogs
  14 humans
  7 wyverns
  8 steam dragons
  6 basilisks
  2 fire elementals
  A hog (shapeshifter) (D:15)
  2 hungry ghosts (D:10)
  A chaos spawn (Depths:3)
  3 golden eyes (Depths:3)
  7 vampire mosquitoes
  46 yaks
  9 wargs
  20 swamp worms
  39 nagas
  A swamp worm (shapeshifter) (Elf:3)
  4 insubstantial wisps (Swamp:4)
  8 large abominations (Depths:3)
  Duvessa (D:6)
  3 acid dragons
  14 hell hounds (Lair:6)
  2 floating eyes (Depths:3)
  2 soldier ants
  23 water moccasins
  A human skeleton (Depths:2)
  16 swamp drakes
  11 porcupines
  10 ice beasts
  14 orc warriors
  2 phantoms (D:8)
  5 sky beasts
  A necrophage (D:14)
  2 eyes of draining
  16 ogres
  12 black bears
  27 wolves
  5 boggarts (Vaults:3)
  4 small abominations (Depths:3)
  25 centaurs
  19 crocodiles
  A big kobold (D:13)
  21 bullfrogs
  Blork the orc (D:5)
  Dowan (D:6)
  A water moccasin zombie (D:10)
  4 earth elementals
  A wyvern skeleton (D:6)
  8 scorpions
  A human simulacrum (Vaults:3)
  A water moccasin skeleton (D:9)
  13 killer bees
  21 wights
  2 howler monkeys (D:5)
  6 crimson imps
  A quasit (D:7)
  A bullfrog zombie (D:9)
  37 orc wizards
  3 centaur zombies
  5 jellies
  9 centaur skeletons
  13 orc priests
  10 hounds
  Jessica (D:2)
  2 bullfrog skeletons (D:11)
  6 iguanas
  13 worker ants
  4 hell rats (Lair:5)
  A dwarf skeleton (Crypt:1)
  9 adders
  A gnoll (D:10)
  3 shadow imps
  3 white imps
  5 oozes (Lair:5)
  An adder zombie (D:8)
  2 adder skeletons
  3 worms
  2 dart slugs (D:1)
  4 leopard geckos
  111 orcs
  2 ball pythons
  5 bats
  6 giant cockroaches
  4 hobgoblins
  18 jackals
  9 quokkas
  5 frilled lizards
  2 goblins (D:3)
  A jackal skeleton (D:8)
  14 kobolds
  A leopard gecko skeleton (D:5)
  A leopard gecko zombie (D:7)
  9 rats
  A spectral orc (D:3)
  14 fulminant prisms
  4 fungi
  16 plants
1802 creatures vanquished.

Vanquished Creatures (collateral kills)
  A lich (Depths:1)
  Frances (Snake:2)
  A shadow dragon (Depths:4)
  2 tengu reavers
  A fire giant (Depths:2)
  A nagaraja (Snake:4)
  A frost giant (Depths:1)
  Louise (Snake:2)
  A draconian shifter (Depths:5)
  An ironheart preserver (Vaults:2)
  A very ugly thing (D:15)
  A vampire knight (Depths:1)
  2 stone giants
  2 red draconians (Depths:5)
  3 black draconians (Depths:5)
  A white draconian (Depths:5)
  4 ettins
  2 fire dragons
  2 ice dragons (Depths:5)
  A yaktaur captain (Depths:5)
  5 naga warriors
  A spriggan air mage (Depths:2)
  4 anacondas
  12 two-headed ogres
  An alligator (Swamp:2)
  4 tengu warriors
  Urug (D:13)
  5 naga sharpshooters
  A deep troll earth mage (Depths:1)
  7 deep elf knights
  3 salamander mystics
  A hell knight (Depths:5)
  4 naga ritualists
  An ironbrand convoker (Vaults:1)
  43 deep elf magi
  5 ugly things
  5 orc knights
  4 orc sorcerers
  8 salamanders
  8 naga magi
  A guardian serpent (Snake:4)
  A black mamba (Snake:4)
  2 spiny frogs (Swamp:1)
  A gargoyle (D:10)
  A yaktaur (Depths:4)
  A yaktaur (shapeshifter) (Depths:1)
  A freezing wraith (D:14)
  2 tengu conjurers
  A slime creature (Swamp:3)
  A bog body (Swamp:3)
  A hippogriff (D:14)
  A spriggan (shapeshifter) (Depths:2)
  A fire elemental (Elf:2)
  3 humans
  2 vampire mosquitoes (D:15)
  21 nagas
  A warg (Orc:2)
  A soldier ant (D:14)
  An acid dragon (Vaults:1)
  3 swamp drakes
  17 orc warriors
  7 ogres
  6 centaurs
  8 orc priests
  12 orc wizards
  23 orcs
273 creatures vanquished.

Vanquished Creatures (others)
  62 dancing weapons
  A deep elf mage (Elf:2)
  A spiny frog (Lair:5)
  A blink frog (Lair:5)
  A water elemental (Elf:2)
  A bush (Swamp:4)
  569 fulminant prisms
  26 fungi
  53 plants
715 creatures vanquished.

Grand Total: 2790 creatures vanquished

Notes
Turn   | Place    | Note
-------+----------+-------------------------------------------
     0 | D:1      | IrvingSpaghetti the Human Conjurer began the quest for the
                  | Orb.
     0 | D:1      | Reached XP level 1. HP: 13/13 MP: 3/3
   370 | D:1      | Reached XP level 2. HP: 19/19 MP: 0/5
   374 | D:1      | Learned a level 2 spell: Searing Ray
   904 | D:2      | Reached XP level 3. HP: 22/24 MP: 3/6
  1318 | D:2      | Reached XP level 4. HP: 25/30 MP: 5/7
  1497 | D:3      | Noticed Jessica
  1544 | D:2      | Killed Jessica
  1544 | D:2      | Reached skill level 5 in Stealth
  1544 | D:2      | Reached XP level 5. HP: 10/35 MP: 2/8
  1866 | D:3      | Found an iron altar of Okawaru.
  1947 | D:3      | Learned a level 3 spell: Dazzling Spray
  2039 | D:3      | Found a basalt altar of Yredelemnul.
  2250 | D:4      | Found a staircase to the Ecumenical Temple.
  2263 | Temple   | Entered the Ecumenical Temple
  2467 | Temple   | Became a worshipper of Gozag Ym Sagoz the Greedy
  2781 | D:1      | Reached XP level 6. HP: 39/41 MP: 4/9
  2920 | D:1      | You fall into a shaft and drop 1 floor!
  3387 | D:2      | Found a snail-covered altar of Cheibriados.
  3817 | D:3      | Found an ornate altar of the Wu Jian Council.
  4155 | D:4      | Noticed an ogre
  4165 | D:4      | Killed an ogre
  4434 | D:4      | Learned a level 4 spell: Iskenderun's Mystic Blast
  4676 | D:4      | Found a bloodstained altar of Trog.
  4698 | D:4      | Reached XP level 7. HP: 46/46 MP: 11/11
  5242 | D:5      | Entered Level 5 of the Dungeon
  5269 | D:5      | Reached skill level 5 in Conjurations
  5560 | D:5      | Found Cipp's Armour Boutique.
  5568 | D:5      | Bought a +1 pair of boots of running for 401 gold pieces
  5640 | D:5      | Reached XP level 8. HP: 24/52 MP: 15/15
  5688 | D:5      | Reached skill level 5 in Spellcasting
  5873 | D:5      | Noticed Blork the orc
  6026 | D:5      | Killed Blork the orc
  6364 | D:6      | Reached skill level 6 in Conjurations
  6404 | D:6      | Found a shimmering altar of Xom.
  6435 | D:6      | Noticed Prince Ribbit
  6935 | D:7      | Noticed Harold
  7132 | D:6      | Reached XP level 9. HP: 57/57 MP: 15/19
  7295 | D:6      | Found a runed translucent gate.
  7295 | D:6      | Found a runed translucent gate.
  7308 | D:6      | Found a runed translucent gate.
  7308 | D:6      | Noticed lis82's ghost (novice DgFE)
  7360 | D:6      | Learned a level 4 spell: Force Lance
  7365 | D:6      | Learned a level 4 spell: Fulminant Prism
  7438 | D:6      | Noticed Duvessa
  7438 | D:6      | Noticed Dowan
  7489 | D:6      | Killed Duvessa
  7489 | D:6      | Reached skill level 7 in Conjurations
  7493 | D:6      | Killed Dowan
  7657 | D:6      | Got a twisted spear
  7658 | D:6      | Identified the +10 spear "Ylosyemue" {freeze, rN++} (You
                  | found it on level 6 of the Dungeon)
  7860 | D:6      | Killed Prince Ribbit
  8044 | D:7      | Found a blossoming altar of Fedhas.
  8231 | D:7      | Reached XP level 10. HP: 63/63 MP: 22/22
  8385 | D:7      | Found a shimmering blue altar of Sif Muna.
  8845 | D:7      | Killed Harold
  8845 | D:7      | Reached skill level 8 in Conjurations
  8938 | D:8      | Reached skill level 10 in Spellcasting
  9152 | D:8      | Found a stormy altar of Qazlal.
  9246 | D:8      | Noticed Psyche
  9485 | D:8      | Noticed a manticore
  9542 | D:8      | Learned a level 1 spell: Corona
  9545 | D:8      | Learned a level 2 spell: Ensorcelled Hibernation
  9587 | D:8      | Learned a level 3 spell: Confuse
  9591 | D:8      | Learned a level 3 spell: Tukima's Dance
  9698 | D:8      | Reached skill level 1 in Hexes
  9744 | D:8      | Killed Psyche
  9744 | D:8      | Reached XP level 11. HP: 50/68 MP: 24/25
  9954 | D:8      | Killed a manticore
  9975 | D:8      | Learned a level 3 spell: Vampiric Draining
  9977 | D:8      | Got an encrusted scythe
  9978 | D:8      | Identified the +7 scythe "Fytebb" {vamp, rF+ Int+3} (You
                  | found it on level 8 of the Dungeon)
 10132 | D:9      | Reached skill level 9 in Conjurations
 10253 | D:9      | Noticed Gastronok
 10635 | D:9      | Found a glowing silver altar of Zin.
 10719 | D:9      | Killed Gastronok
 10719 | D:9      | Reached skill level 1 in Fighting
 10719 | D:9      | Reached skill level 5 in Hexes
 10805 | D:9      | Noticed a manticore
 10939 | D:9      | Killed a manticore
 11217 | D:10     | Entered Level 10 of the Dungeon
 11511 | D:10     | Noticed a two-headed ogre
 11520 | D:10     | Killed a two-headed ogre
 11714 | D:10     | Noticed a deep elf mage
 11746 | D:10     | Killed a deep elf mage
 11792 | D:10     | Reached XP level 12. HP: 69/77 MP: 5/27
 12497 | D:10     | Noticed a tengu warrior
 12499 | D:10     | Noticed a tengu warrior
 12815 | D:10     | Killed a tengu warrior
 12829 | D:10     | Killed a tengu warrior
 13359 | D:10     | Found a staircase to the Orcish Mines.
 13461 | D:10     | Identified the +7 trident of Wrath {pierce, rElec rPois
                  | Int+9 Dex-5}
 13597 | D:11     | Noticed a two-headed ogre
 13603 | D:11     | Killed a two-headed ogre
 13620 | D:11     | Noticed a two-headed ogre
 13627 | D:11     | Killed a two-headed ogre
 13627 | D:11     | Reached skill level 10 in Conjurations
 14535 | D:10     | Found a staircase to the Orcish Mines.
 14915 | D:11     | Noticed Maurice
 14925 | D:11     | Killed Maurice
 14999 | D:11     | Reached XP level 13. HP: 63/86 MP: 23/29
 15643 | D:11     | Found a staircase to the Lair.
 15809 | Orc:1    | Entered Level 1 of the Orcish Mines
 15809 | Orc:1    | Noticed Josephine
 16043 | D:10     | Killed Josephine
 16271 | Orc:1    | Found a roughly hewn altar of Beogh.
 16371 | Orc:2    | Entered Level 2 of the Orcish Mines
 17478 | Orc:2    | Found a staircase to the Elven Halls.
 17876 | Orc:2    | Paralysed by an orc sorcerer for 3 turns
 18131 | Orc:2    | Found Tofuh's General Store.
 18131 | Orc:2    | Found Jouhipo's Weapon Emporium.
 18142 | Orc:2    | Bought a scroll of identify for 26 gold pieces
 18142 | Orc:2    | Bought a scroll of identify for 26 gold pieces
 18216 | Orc:2    | Found Ihosteapt's Antique Weapon Shop.
 18216 | Orc:2    | Found Caacoixkiu's Assorted Antiques.
 18230 | Orc:2    | Bought a scroll of identify for 74 gold pieces
 18368 | Orc:2    | Found a roughly hewn altar of Beogh.
 18638 | Orc:2    | Bought a scroll of teleportation for 48 gold pieces
 18638 | Orc:2    | Bought 3 scrolls of teleportation for 144 gold pieces
 18638 | Orc:2    | Bought a scroll of blinking for 120 gold pieces
 18638 | Orc:2    | Bought a scroll of identify for 32 gold pieces
 18638 | Orc:2    | Bought a scroll of magic mapping for 56 gold pieces
 18643 | Orc:2    | Bought a potion of curing for 45 gold pieces
 18643 | Orc:2    | Bought 2 potions of curing for 90 gold pieces
 18643 | Orc:2    | Bought a potion of brilliance for 60 gold pieces
 18643 | Orc:2    | Bought a potion of heal wounds for 75 gold pieces
 18643 | Orc:2    | Bought a potion of curing for 45 gold pieces
 18643 | Orc:2    | Bought a potion of haste for 150 gold pieces
 18643 | Orc:2    | Bought a potion of brilliance for 60 gold pieces
 18643 | Orc:2    | Bought a potion of curing for 45 gold pieces
 18648 | Orc:2    | Bought 3 scrolls of fear for 168 gold pieces
 18673 | Elf:1    | Entered Level 1 of the Elven Halls
 18684 | Elf:1    | Reached XP level 14. HP: 90/94 MP: 31/31
 19270 | Elf:1    | Noticed Nikola
 19365 | Elf:1    | Reached skill level 10 in Stealth
 19389 | Elf:1    | Noticed a deep elf sorcerer
 19398 | Elf:1    | Killed a deep elf sorcerer
 19401 | Elf:1    | Reached skill level 10 in Hexes
 19408 | Elf:1    | Identified the Disquisition on Attacks
 19748 | Elf:1    | Killed Nikola
 20375 | Elf:1    | Found Afysiebu's Distillery.
 20563 | Elf:1    | Bought a potion of brilliance for 60 gold pieces
 20563 | Elf:1    | Bought a potion of curing for 45 gold pieces
 21183 | Elf:1    | Bought a potion of heal wounds for 75 gold pieces
 22004 | Elf:2    | Reached XP level 15. HP: 27/100 MP: 33/33
 22323 | Elf:2    | Identified the +6 flail of the Warrior {freeze, Int+5}
 22328 | Elf:2    | Reached skill level 5 in Dodging
 22328 | Elf:2    | Reached skill level 15 in Spellcasting
 22328 | Elf:2    | Reached skill level 11 in Conjurations
 22553 | Elf:2    | Noticed a deep elf elementalist
 22558 | Elf:2    | Killed a deep elf elementalist
 23123 | Elf:2    | Found a runed translucent gate.
 23123 | Elf:2    | Found a runed translucent gate.
 23124 | Elf:2    | Found a runed translucent gate.
 23643 | Elf:3    | Entered Level 3 of the Elven Halls
 24830 | Elf:3    | Learned a level 5 spell: Irradiate
 24938 | Elf:3    | Noticed a deep elf sorcerer
 24973 | Elf:3    | Noticed a deep elf elementalist
 25004 | Elf:3    | Killed a deep elf elementalist
 25005 | Elf:3    | Noticed an Executioner
 25097 | Elf:3    | Identified the +3 plate armour of Dishonesty {MP+9 SInv}
 25097 | Elf:3    | Noticed a deep elf blademaster
 25119 | Elf:3    | Killed a deep elf blademaster
 25119 | Elf:3    | Reached XP level 16. HP: 29/106 MP: 3/35
 25556 | Elf:3    | Killed a deep elf sorcerer
 25558 | Elf:3    | Identified the +10 falchion "Hydrabane" {drain, Dex+2}
 25588 | Elf:3    | Noticed a Hell Sentinel
 25588 | Elf:3    | Reached skill level 1 in Translocations
 25637 | Elf:3    | Noticed a deep elf master archer
 25698 | Elf:3    | Killed a deep elf master archer
 25698 | Elf:3    | Reached skill level 12 in Conjurations
 25930 | Elf:3    | Noticed a deep elf master archer
 25952 | Elf:3    | Killed a deep elf master archer
 25960 | Elf:3    | Identified the ring of Taviul {rF+ Int+6}
 25986 | Elf:3    | Noticed a deep elf blademaster
 26472 | Orc:2    | Bought a potion of haste for 130 gold pieces
 26586 | Lair:1   | Entered Level 1 of the Lair of Beasts
 26787 | Lair:1   | Found a runed translucent door.
 26787 | Lair:1   | Noticed FishyPogo's ghost (journeyman DrBe)
 26791 | Lair:1   | Noticed Sonja
 26799 | Lair:1   | Killed Sonja
 27571 | Lair:1   | Killed FishyPogo's ghost
 27782 | D:6      | Killed lis82's ghost
 28001 | Lair:2   | Got a twitching glass ring
 28003 | Lair:2   | Identified the ring "Jyosuw" {rN++ MR+ Int+6 Dex-2} (You
                  | found it on level 2 of the Lair of Beasts)
 28056 | Lair:2   | Learned a level 2 spell: Shroud of Golubria
 28210 | Lair:2   | Reached skill level 1 in Transmutations
 29719 | Lair:3   | Got a fine battleaxe
 29720 | Lair:3   | Identified the cursed +1 battleaxe of Expedience {chop,
                  | *Corrode +Fly rPois rF+} (You found it on level 3 of the
                  | Lair of Beasts)
 29953 | Lair:3   | Reached XP level 17. HP: 113/113 MP: 18/37
 29997 | Lair:3   | Found a staircase to the Swamp.
 30473 | Lair:4   | Reached skill level 5 in Fighting
 30603 | Lair:4   | Identified a scroll of acquirement
 30661 | Lair:4   | Found a staircase to the Snake Pit.
 31114 | Lair:5   | Reached skill level 1 in Shields
 32521 | Lair:5   | Found a staircase to the Slime Pits.
 32721 | Lair:6   | Entered Level 6 of the Lair of Beasts
 34829 | Lair:6   | Noticed Kirke
 34843 | Lair:6   | Killed Kirke
 34843 | Lair:6   | Reached skill level 5 in Transmutations
 35131 | Lair:6   | Reached XP level 18. HP: 128/128 MP: 35/39
 35309 | Lair:6   | Reached skill level 13 in Conjurations
 35666 | Lair:6   | Got a warped bone ring
 35670 | Lair:6   | Identified the ring "Woidab" {rCorr Int+2} (You found it on
                  | level 6 of the Lair of Beasts)
 36559 | Elf:3    | Killed a deep elf blademaster
 36654 | Elf:3    | Identified IrvingSpaghetti's Guide on Confrontation and the
                  | Compass (You acquired it on level 3 of the Elven Halls)
 36668 | Elf:3    | Identified the cursed +0 short sword "Qirr" {distort,
                  | Dex+5}
 36682 | Elf:3    | Identified the +7 mace "Naygul" {crush, +Inv rF- Int+8}
 36682 | Elf:3    | Identified the +0 robe of Fedhas's Condemnation {+Fly rElec
                  | rPois}
 36854 | Elf:3    | Noticed an Ice Fiend
 37037 | Elf:3    | Found the +2 cloak of the Thief {+Fog Slay-2 SInv Stlth+}
 37038 | Elf:3    | Identified the Reference Book on Frigorific Feathers
 37172 | Elf:3    | Identified the Almanac of the Snowflakes and the Voyage
 37246 | Elf:3    | Learned a level 8 spell: Chain Lightning
 37249 | Elf:3    | Learned a level 2 spell: Swiftness
 37905 | Elf:2    | Learned a level 4 spell: Summon Lightning Spire
 38115 | Elf:2    | Reached skill level 14 in Conjurations
 38115 | Elf:2    | Reached skill level 1 in Air Magic
 38671 | Orc:2    | Bought a scroll of noise for 16 gold pieces
 38724 | Orc:2    | Bought a ration for 65 gold pieces
 38724 | Orc:2    | Bought a ration for 65 gold pieces
 38983 | D:12     | Found a frozen archway.
 39004 | IceCv    | Entered an ice cave
 39139 | IceCv    | Found a transporter.
 39370 | IceCv    | Found a transporter.
 39644 | D:12     | Reached skill level 5 in Shields
 40516 | D:14     | Found a gate to the Vaults.
 40516 | D:14     | Noticed Nessos
 41032 | D:13     | Noticed Urug
 41045 | D:13     | Killed Urug
 41478 | D:13     | Noticed Rupert
 41534 | D:13     | Killed Rupert
 41899 | D:14     | Killed Nessos
 41899 | D:14     | Reached XP level 19. HP: 134/134 MP: 23/40
 42473 | D:14     | Found Opsiy's Book Shoppe.
 43194 | D:15     | Entered Level 15 of the Dungeon
 43226 | D:15     | Found a gate leading to a gauntlet.
 45087 | D:15     | Found a staircase to the Depths.
 45393 | Depths:1 | Entered Level 1 of the Depths
 45724 | Snake:1  | Entered Level 1 of the Snake Pit
 46324 | Lair:4   | Reached skill level 5 in Air Magic
 46628 | Snake:1  | Reached skill level 15 in Conjurations
 49175 | Snake:2  | Noticed Louise
 49197 | Snake:2  | Killed Louise
 49744 | Snake:2  | Noticed Frances
 49754 | Snake:2  | Killed Frances
 49934 | Snake:2  | Reached skill level 16 in Conjurations
 50137 | Snake:2  | Reached XP level 20. HP: 135/141 MP: 30/41
 50696 | Snake:3  | Found a glowing silver altar of Zin.
 50719 | Snake:3  | Found Dodoma's Jewellery Shop.
 50995 | Snake:4  | Entered Level 4 of the Snake Pit
 51512 | Snake:4  | Found Gaigos's Gadget Shop.
 51512 | Snake:4  | Found Gaeweska's Jewellery Emporium.
 51516 | Snake:4  | Found Imazxafu's Gadget Shop.
 51585 | Snake:4  | Bought a phantom mirror for 420 gold pieces
 51585 | Snake:4  | Bought a phantom mirror for 420 gold pieces
 52488 | Snake:4  | Reached skill level 17 in Conjurations
 53872 | Snake:4  | Identified the ring "Haqo" {+Fly rElec rF+ Str-2 Dex+6}
 53989 | Snake:4  | Reached skill level 18 in Conjurations
 54248 | Snake:4  | Got a serpentine rune of Zot
 54709 | Lair:4   | Bought a jewelled dagger for 287 gold pieces
 54709 | Lair:4   | Identified the +8 dagger "Lorem Ipsum" {elec, *Corrode
                  | rPois rC+ Str+7} (You bought it in a shop on level 4 of the
                  | Lair of Beasts)
 54718 | Lair:4   | Bought a potion of haste for 410 gold pieces
 54718 | Lair:4   | Bought a scroll of fear for 143 gold pieces
 55012 | D:15     | Reached XP level 21. HP: 57/147 MP: 22/42
 55462 | D:15     | Reached skill level 10 in Air Magic
 56612 | Depths:1 | Found a gateway to Hell.
 56862 | Depths:1 | Found a one-way gate to the infinite horrors of the Abyss.
 57014 | Depths:1 | Noticed a caustic shrike
 57025 | Depths:1 | Killed a caustic shrike
 57688 | Depths:1 | Found a one-way gate leading to the halls of Pandemonium.
 57825 | Hell     | Entered the Vestibule of Hell
 58781 | Depths:1 | Got a smoking quarterstaff
 58787 | Depths:1 | Identified the +2 quarterstaff of Revolt {flame, *Slow
                  | Str+2 SInv} (You found it on level 1 of the Depths)
 58918 | Depths:2 | Found Fongemaj's Jewellery Shop.
 60437 | Depths:2 | Reached XP level 22. HP: 94/153 MP: 23/43
 61076 | Depths:2 | Found a runed translucent door.
 62610 | Depths:3 | Reached skill level 10 in Shields
 63593 | Depths:3 | Found Janwaavu's Weapon Shoppe.
 64018 | Depths:3 | Found Omobball's Armour Shoppe.
 64045 | Depths:3 | Found Nimergh's Jewellery Emporium.
 64068 | Depths:3 | Found Telerregh's Jewellery Boutique.
 64083 | Depths:3 | Bought the ring "Iheigroa" {rElec rPois rC+++ Dex-3 Slay+3}
                  | for 1194 gold pieces
 65115 | Depths:4 | Noticed a golden dragon
 65232 | Depths:4 | Killed a golden dragon
 66130 | Depths:4 | Noticed a juggernaut
 66284 | Depths:3 | Killed a juggernaut
 66608 | Depths:4 | Found a gateway to a ziggurat.
 66820 | Depths:4 | Noticed a caustic shrike
 66822 | Depths:4 | Noticed a caustic shrike
 66822 | Depths:4 | Noticed a caustic shrike
 66822 | Depths:4 | Noticed a caustic shrike
 66822 | Depths:4 | Noticed a caustic shrike
 67023 | Depths:4 | Noticed Mara
 67043 | Depths:4 | Noticed IrvingSpaghetti's illusion
 67446 | Depths:4 | Reached XP level 23. HP: 159/159 MP: 36/45
 67817 | Depths:4 | Killed Mara
 68009 | Depths:5 | Entered Level 5 of the Depths
 68629 | Depths:5 | Reached skill level 19 in Conjurations
 68739 | Depths:5 | Noticed a golden dragon
 69212 | Depths:5 | Noticed a golden dragon
 69215 | Depths:5 | Killed a golden dragon
 69380 | Depths:5 | Noticed a golden dragon
 69397 | Depths:5 | Killed a golden dragon
 70760 | Depths:5 | Noticed a juggernaut
 70764 | Depths:5 | Killed a juggernaut
 71662 | Depths:5 | Found a runed translucent gate.
 71662 | Depths:5 | Found a runed translucent gate.
 71664 | Depths:5 | Noticed Zores's ghost (veteran DEFE)
 71665 | Depths:5 | Found a runed translucent gate.
 71665 | Depths:5 | Noticed an ancient lich
 71790 | Depths:5 | Noticed Margery
 71808 | Depths:5 | Killed Margery
 72676 | Depths:5 | Found a gate to the Realm of Zot.
 72727 | Depths:5 | Killed a golden dragon
 72841 | Depths:5 | Gained mutation: You possess an exceptional clarity of
                  | mind. [mutagenic glow]
 73224 | Depths:5 | Found a radiant altar of Vehumet.
 73347 | Depths:5 | Bought a faintly glowing robe for 239 gold pieces
 73349 | Depths:5 | Identified the +0 robe of the Fifty Places {SInv} (You
                  | bought it in a shop on level 5 of the Depths)
 73376 | Depths:5 | Reached XP level 24. HP: 135/160 MP: 26/46
 73399 | Depths:5 | Bought a potion of haste for 450 gold pieces
 73399 | Depths:5 | Bought a potion of invisibility for 360 gold pieces
 73401 | Depths:5 | Bought a sapphire rapier for 423 gold pieces
 73401 | Depths:5 | Bought a jewelled broad axe for 423 gold pieces
 73401 | Depths:5 | Identified the cursed +2 broad axe of Symmetry {elec, +Rage
                  | Str-3 Int+2} (You bought it in a shop on level 5 of the
                  | Depths)
 73402 | Depths:5 | Identified the cursed +0 rapier "Neod" {drain, Int+3} (You
                  | bought it in a shop on level 5 of the Depths)
 73887 | Swamp:1  | Entered Level 1 of the Swamp
 75131 | Swamp:1  | Got a scintillating pewter ring
 75133 | Swamp:1  | Identified the ring of Tolat {*Drain +Inv rF- SInv Stlth+}
                  | (You found it on level 1 of the Swamp)
 77702 | Swamp:4  | Entered Level 4 of the Swamp
 77966 | Swamp:4  | Noticed Donald
 77969 | Swamp:4  | Killed Donald
 77970 | Swamp:4  | Reached skill level 20 in Conjurations
 78813 | Swamp:4  | Identified Roxanne's Handbook of Changing
 78813 | Swamp:4  | Noticed Roxanne
 78821 | Swamp:4  | Killed Roxanne
 78821 | Swamp:4  | Gained mutation: You are frail. (-10% HP) [mutagenic glow]
 79229 | Swamp:4  | Noticed the 27-headed Lernaean hydra
 79246 | Swamp:4  | Killed the 27-headed Lernaean hydra
 79256 | Swamp:4  | Got a decaying rune of Zot
 79928 | Vaults:1 | Entered Level 1 of the Vaults
 80365 | Vaults:1 | Noticed Asterion
 80430 | Vaults:1 | Killed Asterion
 80728 | Vaults:1 | Found the +2 Maxwell's thermic engine {flame, freeze}
 81056 | Vaults:1 | Reached XP level 25. HP: 144/148 MP: 13/47
 81840 | Vaults:1 | Reached skill level 21 in Conjurations
 82479 | Vaults:1 | Found a portal to a secret trove of treasure.
 83116 | Vaults:1 | You paid a toll of +2 shadow dragon scales to enter a
                  | treasure trove
 83117 | Trove    | Entered a treasure trove
 83131 | Trove    | Identified the Grimoire of the Insatiable Stories
 83170 | Trove    | Identified Sif Muna's Catalogue of the Butterfly
 83192 | Trove    | Identified the Catalogue of the Dusty Glacier
 83220 | Vaults:1 | Learned a level 8 spell: Discord
 83228 | Vaults:1 | Learned a level 5 spell: Silence
 83263 | Vaults:1 | Learned a level 2 spell: Passwall
 83288 | Vaults:1 | Learned a level 6 spell: Invisibility
 83333 | Vaults:1 | Learned a level 6 spell: Deflect Missiles
 83698 | Vaults:2 | Reached skill level 10 in Dodging
 83763 | Vaults:2 | Gained mutation: Your muscles are strong. (Str +2)
                  | [mutagenic glow]
 84644 | Vaults:2 | Gained mutation: Your magical capacity is low. (-10% MP)
                  | [mutagenic glow]
 84683 | Vaults:2 | Lost mutation: You possess an exceptional clarity of mind.
                  | [potion of mutation]
 84683 | Vaults:2 | Lost mutation: Your magical capacity is low. (-10% MP)
                  | [potion of mutation]
 84683 | Vaults:2 | Gained mutation: Scrolls take you a little longer to read.
                  | [potion of mutation]
 84683 | Vaults:2 | Gained mutation: You tend to lose your temper in combat.
                  | [potion of mutation]
 84683 | Vaults:2 | Gained mutation: You have large cloven feet. [potion of
                  | mutation]
 84684 | Vaults:2 | Lost mutation: You are frail. (-10% HP) [potion of
                  | mutation]
 84684 | Vaults:2 | Lost mutation: You tend to lose your temper in combat.
                  | [potion of mutation]
 84684 | Vaults:2 | Lost mutation: You have large cloven feet. [potion of
                  | mutation]
 84684 | Vaults:2 | Gained mutation: Potions are less effective at restoring
                  | your health. [potion of mutation]
 84684 | Vaults:2 | Gained mutation: You have a somewhat thin skeletal
                  | structure. (Dex +2, Stealth) [potion of mutation]
 84685 | Vaults:2 | Lost mutation: Scrolls take you a little longer to read.
                  | [potion of mutation]
 84685 | Vaults:2 | Lost mutation: Your muscles are strong. (Str +2) [potion of
                  | mutation]
 84685 | Vaults:2 | Lost mutation: Potions are less effective at restoring your
                  | health. [potion of mutation]
 84685 | Vaults:2 | Gained mutation: You are weak. (Str -2) [potion of
                  | mutation]
 84685 | Vaults:2 | Gained mutation: Your magical capacity is low. (-10% MP)
                  | [potion of mutation]
 84685 | Vaults:2 | Gained mutation: You have sharp toenails. [potion of
                  | mutation]
 84688 | Vaults:2 | Bought an encrusted cloak for 399 gold pieces
 84688 | Vaults:2 | Bought a fabulously ornate robe for 239 gold pieces
 84688 | Vaults:2 | Bought a pair of runed gloves for 315 gold pieces
 84688 | Vaults:2 | Identified the +1 cloak "Atod" {*Slow rF+++ Str+4 Int+2}
                  | (You bought it in a shop on level 2 of the Vaults)
 84690 | Vaults:2 | Identified the cursed +0 robe of Creativity {MR- Str-2
                  | Dex+10 Slay+2} (You bought it in a shop on level 2 of the
                  | Vaults)
 85086 | Vaults:2 | Bought a ration for 70 gold pieces
 85086 | Vaults:2 | Bought a ration for 70 gold pieces
 85086 | Vaults:2 | Bought a ration for 70 gold pieces
 85086 | Vaults:2 | Bought a ration for 70 gold pieces
 85086 | Vaults:2 | Bought a ration for 70 gold pieces
 85086 | Vaults:2 | Bought a ration for 70 gold pieces
 85086 | Vaults:2 | Bought a ration for 70 gold pieces
 85086 | Vaults:2 | Bought a ration for 70 gold pieces
 85086 | Vaults:2 | Bought a ration for 70 gold pieces
 85086 | Vaults:2 | Bought a ration for 70 gold pieces
 85831 | Vaults:3 | Found a staircase to the Crypt.
 85880 | Crypt:1  | Entered Level 1 of the Crypt
 85928 | Crypt:1  | Identified the +1 scale mail of Seog {*Drain +Fly Stlth+}
                  | (You found it on level 1 of the Crypt)
 86378 | Vaults:3 | HP: 1/173 [tentacled monstrosity (14)]
 86378 | Vaults:3 | Mangled by a tentacled monstrosity

Levels and vault maps discovered:
D:1:      minmay_arrival_widening_spiral_wide, layout_basic, hex_tiny
D:2:      layout_rooms, lemuel_round_altar, hex_large
D:3:      layout_basic, yredelemnul_forgotten_temple_becter,
          nicolae_overflow_hidden_temple, first_ration, okawaru_gym_becter,
          uniq_jessica
D:4:      layout_layer_cave, marbit_many_paths
D:5:      layout_basic, serial_shops, shop, lemuel_another_geyser,
          uniq_blork_the_orc
D:6:      layout_loops_corners, lemuel_round_altar, ebering_ghost_rock_garden,
          uniq_prince_ribbit1, uniq_duvessa
D:7:      layout_basic, fedhas_altar_decomposition, led_sif_book, uniq_harold
D:8:      layout_basic, lemuel_doored_altar, minmay_diamond_spiral, uniq_psyche
D:9:      layout_gridville, kennysheep_mini_moat, uniq_gastronok
D:10:     minmay_the_grid_3x2 [minmay_the_grid_plusring,
          minmay_the_grid_tri_star, minmay_the_grid_x,
          minmay_the_grid_minigrid_small, minmay_the_grid_zigzag_pyramid,
          minmay_the_grid_prize_four_corners], layout_basic, erik_orc_1,
          grunt_livestock
D:11:     layout_loops_ring, dpeg_oklobed_lair, skrybe_limestone_x,
          nicolae_two_hexagons, st_stairs_1, uniq_maurice
D:12:     layout_long_grid, portal_ice_cave_entry_animals_and_master
D:13:     kennysheep_six_static_rooms, layout_irregular_city, uniq_rupert,
          uniq_urug
D:14:     layout_long_grid, david_vaults_3, serial_shops,
          nicolae_shop_statue_plus, glass_columns_c
D:15:     hangedman_depths_entry_civil_slaughter, layout_basic, chequers_jeans,
          gauntlet_entry_generic, abandoned_shop, minmay_misc_feat_tiny
Temple:   nicolae_temple_figure_eight
Lair:1:   layout_small_grid, hellmonk_ghost_happy_afterlife,
          bh_autumn_forest_stairs, uniq_sonja
Lair:2:   layout_chaotic_city, beast_lair_carwin_10,
          infiniplex_staircase_pool_2, serial_bayou_shore_b
Lair:3:   layout_hall_layers, palyth_hydra_swamp_entry
Lair:4:   layout_gridlike, dummy_snake_entry, chequers_serial_rivers_micro_d
Lair:5:   layout_layer_cave, nicolae_slime_entry_slimehenge,
          bobbens_dragon_lair_wall
Lair:6:   hangedman_lair_tendril_chambers, layout_regular_city,
          hangedman_lair_caniforms_friends, uniq_kirke
Swamp:1:  layout_basic_swamp, nicolae_swamp_treefoil
Swamp:2:  layout_basic_swamp, evilmike_swamp_ruin_house_6
Swamp:3:  layout_basic_swamp, evilmike_swamp_ruin_house_3
Swamp:4:  grunt_swamp_rune_castle, layout_basic_swamp, uniq_donald, uniq_roxanne
Snake:1:  cheibrodos_snake_lava_hold, layout_cave_pods, serial_bayou_shore_b
Snake:2:  layout_chambers, uniq_louise, uniq_frances
Snake:3:  layout_onion_interference, basic_altar, drop_trap,
          minmay_shop_enchanted_jewellery
Snake:4:  grunt_snake_rune_serpentine_throne, layout_misc_corridors,
          serial_bayou_shore_b, lemuel_fruit_tree, serial_bayou_shore_b,
          minmay_shop_grove
Orc:1:    layout_caves, basic_altar, mines2_lemuel, uniq_josephine
Orc:2:    st_orc_town, layout_diamond_mine, elves_outpost_lemuel
Elf:1:    eino_elf_arrival_the_gate, layout_loops_cross, serial_shops,
          shop_fountains, minmay_elf_annihilation, uniq_nikola
Elf:2:    layout_gridlike, minmay_checkered_concentric_circles
Elf:3:    elf_hall_gauntlet_narrow, layout_geoelf_grid, grunt_megastairs_2
Vaults:1: vaults_dpeg_spiral, st_octagons_1, v_alt_pattern_1,
          nicolae_vaults_little_squares_3, nicolae_vaults_diagonal_hallway_8,
          v_misc_19, v_rooms_4, nicolae_vaults_diagonal_hallway_7,
          hangedman_vaults_stretched_pinwheel, ontoclasm_vaults_ring_square,
          hangedman_vaults_trim, hangedman_vaults_capsules, grunt_vaults_focal,
          serial_ice_h, vaults_dpeg_diagonal, nicolae_vaults_border_crossing,
          layout_vaults_ring, enter_trove_1, uniq_asterion
Vaults:2: nicolae_vaults_network_star, hangedman_vaults_stream, v_misc_18,
          nicolae_vaults_shelves_hall, hangedman_vaults_trim, v_misc_26,
          v_misc_10, ontoclasm_vaults_idyll, ontoclasm_vaults_gateway, st_cross,
          layout_vaults_omnicross
Vaults:3: st_greater_box_5, vaults_mumra_chevron, vaults_mumra_minichess,
          nicolae_vaults_circle_grid_b, v_misc_14,
          minmay_crypt_entry_nasty_monster, v_misc_12, hangedman_vaults_slice,
          grunt_vaults_funnel, hangedman_vaults_hat, vaults_room_corners,
          layout_vaults_omnibox
Vaults:4: ontoclasm_vaults_ring_large, hangedman_vaults_variations,
          vaults_dpeg_ring, nicolae_vaults_circle_grid_a,
          nicolae_vaults_mini_display_case, nicolae_vaults_theta,
          layout_vaults_omnigrid, serial_shops, shop
Crypt:1:  gammafunk_dig_for_victory, layout_regular_city, lemuel_statue_altar
Depths:1: layout_cave_pools, rand_demon_pan_entry_7,
          pf_vacation_house_of_asmodeus, abyss_entry,
          serial_sigils_hangedman_snap, minmay_evil_grid, firewood_loft
Depths:2: minmay_inside_and_out, layout_cave_pools, serial_shops, shop,
          hangedman_glass_teeth, hangedman_tar_grid_catacomb, mu_enter_wizlab_3,
          minmay_acid_items, serial_bayou_shore_b
Depths:3: hangedman_surveillance_ring, layout_cave_pools,
          minmay_room_of_horrors, pan_entry, serial_shops, shop,
          nicolae_shop_waterfront, nicolae_shop_behind_doors, shop_fountains,
          hangedman_coc_ice_floe, serial_bayou_lagoon_a
Depths:4: minmay_bad_star, layout_cross, enter_ziggurat_a, hell_entry,
          hangedman_abyss_entry_splay, hangedman_abyss_or_decor_clamps,
          uniq_mara
Depths:5: lemuel_castle_with_subvaults [lemuel_castle_interior_original],
          layout_honeycomb, grunt_metal_band, kennysheep_flooded_box,
          gammafunk_ghost_necromancy
Hell

Skill      XL: |  1  2  3  4  5  6  7  8  9 10 11 12 13 14 15 16 17 18 19 20 21 22 23 24 25 |
---------------+----------------------------------------------------------------------------+-----
Stealth        | 3 4 5 6 7 8 9 10 12 | 12.0
Spellcasting   | 3 4 6 8 10 11 12 13 14 15 16 17 18 19 20 | 20.1
Conjurations   | 5 6 7 8 9 10 11 12 14 16 18 19 20 21 | 21.4
Hexes          | 3 5 8 9 11 12 13 | 13.8
Fighting       | 1 3 4 7 8 |  8.5
Dodging        | 3 4 5 8 9 10 | 10.7
Translocations | 1 |  1.0
Transmutations | 4 5 7 8 |  8.0
Shields        | 4 6 8 11 12 | 12.4
Air Magic      | 3 7 9 13 14 | 14.0
Charms         | |  0.2

Action                   |  1- 3 |  4- 6 |  7- 9 | 10-12 | 13-15 | 16-18 | 19-21 | 22-24 | 25-27 || total
-------------------------+-------+-------+-------+-------+-------+-------+-------+-------+-------++-------
Melee: Dagger            |    48 |    57 |    19 |    11 |    11 |    40 |     1 |    25 |    61 ||   273
       Spear             |       |       |    16 |    24 |       |       |       |       |       ||    40
       Scythe            |       |       |       |    89 |       |     2 |       |       |       ||    91
       Trident           |       |       |       |     8 |   135 |   111 |   171 |   113 |    65 ||   603
       Rapier            |       |       |       |       |       |   168 |   192 |       |       ||   360
       Staff             |       |       |       |       |       |       |       |     3 |       ||     3
 Fire: Hunting sling     |       |     2 |       |       |       |       |       |       |       ||     2
       Triple crossbow   |       |       |       |       |     1 |       |       |       |       ||     1
Throw: Stone             |       |       |       |     1 |       |       |       |       |       ||     1
 Cast: Magic Dart        |    25 |    86 |   169 |   219 |    92 |   151 |    38 |   141 |     4 ||   925
       Searing Ray       |     3 |     9 |    34 |    59 |    20 |    67 |    30 |    11 |       ||   233
       Dazzling Spray    |       |     1 |    14 |    10 |    11 |    12 |     7 |     7 |     1 ||    63
       Iskenderun's Myst |       |       |     3 |    34 |    97 |    74 |    95 |   136 |    15 ||   454
       Force Lance       |       |       |     1 |     1 |    12 |    15 |    97 |   164 |    15 ||   305
       Fulminant Prism   |       |       |       |    30 |    77 |   210 |   121 |   147 |     4 ||   589
       Corona            |       |       |       |     6 |     7 |       |     2 |       |       ||    15
       Tukima's Dance    |       |       |       |    21 |   132 |    20 |   131 |    58 |     4 ||   366
       Vampiric Draining |       |       |       |    10 |       |    28 |       |       |     2 ||    40
       Confuse           |       |       |       |    46 |   118 |    40 |   109 |    78 |       ||   391
       Ensorcelled Hiber |       |       |       |    13 |     4 |   141 |    82 |     4 |     7 ||   251
       Shroud of Golubri |       |       |       |       |       |    31 |     7 |     1 |       ||    39
       Irradiate         |       |       |       |       |       |    41 |    46 |    76 |    17 ||   180
       Swiftness         |       |       |       |       |       |     6 |    11 |     2 |     1 ||    20
       Summon Lightning  |       |       |       |       |       |     5 |    41 |    23 |       ||    69
       Chain Lightning   |       |       |       |       |       |       |     4 |    85 |    42 ||   131
       Invisibility      |       |       |       |       |       |       |       |       |     8 ||     8
       Deflect Missiles  |       |       |       |       |       |       |       |       |     2 ||     2
       Silence           |       |       |       |       |       |       |       |       |     1 ||     1
Invok: Potion Petition   |       |       |       |     1 |     1 |       |       |       |       ||     2
       Call Merchant     |       |       |       |       |     2 |       |     1 |     5 |     2 ||    10
Evoke: Wand              |       |       |       |       |     4 |     7 |     8 |       |       ||    19
  Use: Scroll            |       |       |     7 |     4 |    13 |    19 |    10 |     9 |    11 ||    73
       Potion            |       |       |     2 |     1 |    14 |     2 |     7 |     3 |     5 ||    34
 Stab: Sleeping          |     3 |     2 |     5 |    17 |     3 |    99 |    50 |     5 |    11 ||   195
       Invisible         |       |     1 |     1 |       |       |       |       |     1 |     8 ||    11
       Distracted        |       |     1 |       |       |     3 |     1 |     4 |     2 |       ||    11
       Confused          |       |       |       |     5 |    14 |       |     4 |     5 |       ||    28
  Eat: Chunk             |     2 |     4 |       |       |       |       |       |       |       ||     6
       Ration            |       |     2 |     4 |     6 |     9 |    14 |    16 |    18 |     6 ||    75
Armor: Robe              |    17 |    28 |    15 |    83 |    81 |   205 |   245 |   131 |    51 ||   856
       Skin              |       |       |       |       |    17 |       |       |       |       ||    17
Dodge: Dodged            |    46 |    88 |    74 |   157 |   204 |   654 |   373 |   150 |    82 ||  1828
       Deflected         |       |       |       |       |       |       |       |       |    11 ||    11
Block: Shield            |       |       |       |       |       |   354 |   626 |   319 |   154 ||  1453
